 Dungeon Crawl Stone Soup version 0.21-a0-59-g7b0e191 (webtiles) character file.

112 Lavandula the Insei (level 4, -1/35 HPs)
             Began as a Mummy Monk on June 16, 2017.
             Killed from afar by an orc wizard (7 damage)
             ... with a magic dart
             ... on level 4 of the Dungeon.
             The game lasted 00:13:44 (4929 turns).

Lavandula the Insei (Mummy Monk)                    Turns: 4929, Time: 00:13:45

Health: -1/35      AC:  2    Str: 14    XL:     4   Next: 64%
Magic:  4/4        EV: 13    Int:  9    God:
Gold:   157        SH:  0    Dex: 15    Spells: 3/3 levels left

rFire    x . .     SeeInvis .     - Unarmed
rCold    + . .     Gourm    .   (no shield)
rNeg     + + +     Faith    .   (no armour)
rPois    ∞         Spirit   .   g - +0 helmet
rElec    .         Reflect  .   (no cloak)
rCorr    .         Harm     .   b - +0 pair of gloves
MR       .....                  (no boots)
Stlth    +.........             (no amulet)
HPRegen  0.11/turn              (no ring)
MPRegen  0.09/turn              (no ring)

@: confused
A: no food or potions, fire vulnerability, cold resistance 1, negative energy
resistance 3, torment resistance, unbreathing
a: no special abilities


You were on level 4 of the Dungeon.
You were not hungry.

You visited 1 branch of the dungeon, and saw 5 of its levels.

You collected 157 gold pieces.

Inventory:

Armour
 b - a +0 pair of gloves (worn)
 g - a +0 helmet (worn)
Scrolls
 a - a scroll of amnesia {unknown}
 c - a scroll of fog
 d - a scroll of magic mapping
 e - 2 scrolls of teleportation
Comestibles
 f - a meat ration (quivered)


   Skills:
 - Level 3.3 Fighting
 - Level 2.9 Dodging
 - Level 1.5 Stealth
 + Level 4.0 Unarmed Combat


You had 3 spell levels left.
You didn't know any spells.

Dungeon Overview and Level Annotations

Branches:
Dungeon (5/15)
 Temple: D:4-7

Altars:
Ashenzari
Dithmenos
Elyvilon
Kikubaaqudgha
Uskayaw

Annotations:
D:3 1 transporter
D:4 exclusion: ogre


Innate Abilities, Weirdness & Mutations

You do not eat or drink.
Your flesh is vulnerable to fire.
You are immune to poison.
Your flesh is cold resistant. (rC+)
You are immune to negative energy. (rN+++)
You are immune to unholy pain and torment.
You can survive without breathing.


Message History

You are confused.
You miss something. Something hits you.
You miss something.
You hear some strange, mumbled words.
A puff of flame appears from out of thin air!
The puff of flame misses you.
You bump into the rock wall.
Something hits you.
* * * LOW HITPOINT WARNING * * *
You bump into the rock wall.
You hear some strange, mumbled words.
You are more confused.
You bump into the rock wall.
Something hits you but does no damage.
You barely miss something. Something hits you but does no damage.
You miss something. Something hits you.
* * * LOW HITPOINT WARNING * * *
Something hits you.
* * * LOW HITPOINT WARNING * * *
A magic dart appears from out of thin air!
The magic dart hits you!
You die...

......#...'............#
......#####............#
.#.##.# #....######.##
...##.# ####......#.#
..[...# #...##.#.# .
####### #....#.#.# ..
#....#.#.# ... #
#......#.# .... .#
#..@...#.# ..... .#
#..#....[##...... .#
.......#............ .#
#.#.#...#.#####...... $#
#.#...#.# ..... [.
......#.# ...# .#
..#...#.# ### .#
.......#.# .# ..........


There were no monsters in sight!

Vanquished Creatures
  An orc wizard (D:4)
  An adder (D:4)
  An ooze (D:1)
  3 worms
  A leopard gecko (D:1)
  6 orcs
  A ball python (D:1)
  A giant cockroach (D:2)
  4 goblins
  8 hobgoblins
  8 kobolds
  A quokka (D:3)
  11 bats
  5 frilled lizards
  5 rats
57 creatures vanquished.

Notes
Turn   | Place    | Note
-------+----------+-------------------------------------------
     0 | D:1      | Lavandula the Mummy Monk began the quest for the Orb.
     0 | D:1      | Reached XP level 1. HP: 18/18 MP: 1/1
   811 | D:1      | Reached XP level 2. HP: 17/24 MP: 2/2
  2348 | D:2      | Reached XP level 3. HP: 24/29 MP: 3/3
  2601 | D:2      | Found a shadowy altar of Dithmenos.
  2771 | D:2      | Reached skill level 3 in Unarmed Combat
  3364 | D:3      | Noticed a dagger
  3366 | D:3      | Noticed a dagger
  3409 | D:3      | Found a hide-covered altar of Uskayaw.
  3783 | D:3      | Found a transporter.
  3881 | D:3      | Found a white marble altar of Elyvilon.
  4227 | D:4      | Found an ancient bone altar of Kikubaaqudgha.
  4229 | D:4      | Found a shattered altar of Ashenzari.
  4298 | D:4      | Noticed an ogre
  4347 | D:4      | Reached XP level 4. HP: 24/35 MP: 4/4
  4470 | D:5      | Entered Level 5 of the Dungeon
  4855 | D:4      | Reached skill level 4 in Unarmed Combat
  4929 | D:4      | Killed from afar by an orc wizard

Vault maps used:
D:1:      dpeg_arrival_rooms_c
D:2:      grunt_dithmenos_smoke
D:3:      gammafunk_wand_slinger, marbit_many_paths, dancing_weapons_uskayaw
D:4:      chequers_temple_overflow_statue_of_worship, xom_redecorated
D:5:      minmay_temple_entry_mist, first_bread, zaba_anthole,
          lemuel_blue_sif_altar

Skill      XL: |  1  2  3  4 |
---------------+-------------+-----
Unarmed Combat | 3 4 |  4.0
Fighting       | |  3.3
Dodging        | |  2.9
Stealth        | |  1.5

Action                   |  1- 3 |  4- 6 || total
-------------------------+-------+-------++-------
Melee: Unarmed           |   275 |    55 ||   330
       Punch             |     4 |     1 ||     5
  Use: Scroll            |     1 |     2 ||     3
 Stab: Sleeping          |     8 |       ||     8
Armor: Skin              |    17 |     4 ||    21
Dodge: Dodged            |   158 |    22 ||   180
